 Dungeon Crawl Stone Soup version 0.23.2 (webtiles) character file.

Game seed: 8706360341022299102

1 Kairos the Skirmisher (level 1, 0/18 HPs)
             Began as a Formicid Abyssal Knight on Apr 10, 2019.
             Was an Initiate of Lugonu.
             Slain by a kobold
             ... wielding a +0 short sword
              (2 damage)
             ... on level 1 of the Dungeon.
             The game lasted 00:02:07 (348 turns).

Kairos the Skirmisher (Formicid Abyssal Knight)      Turns: 348, Time: 00:02:08

Health: 0/18       AC:  3    Str: 16    XL:     1   Next: 22%
Magic:  2/2        EV: 11    Int: 11    God:    Lugonu [......]
Gold:   49         SH:  0    Dex: 10    Spells: 0/0 levels left

rFire    . . .     SeeInvis +   e - +2 lajatang (pain)
rCold    . . .     Gourm    .   (no shield)
rNeg     . . .     Faith    .   b - +0 leather armour
rPois    .         Spirit   .   (helmet unavailable)
rElec    .         Reflect  .   (no cloak)
rCorr    .         Harm     .   (no gloves)
MR       .....                  (no boots)
Stlth    +.........             (no amulet)
HPRegen  0.06/turn              (no ring)
MPRegen  0.08/turn              (no ring)

@: no status effects
A: permanent stasis, dig shafts and tunnels, four strong arms, antennae 3
a: Dig, Shaft Self, Renounce Religion


You were on level 1 of the Dungeon.
You worshipped Lugonu.
Lugonu was noncommittal.
You were not hungry.

You visited 1 branch of the dungeon, and saw 1 of its levels.
You visited the Abyss 1 time.

You collected 49 gold pieces.

Inventory:

Hand Weapons
 a - a +1 spear
 e - a +2 lajatang of pain (weapon)
Armour
 b - a +0 leather armour (worn)
 d - a +0 scale mail
Wands
 g - a wand of digging (2)
Comestibles
 c - a ration


   Skills:
 + Level 3.3 Fighting
 + Level 2.0 Polearms
 + Level 2.2 Armour
 + Level 0.8 Dodging
 + Level 2.2 Invocations


You couldn't memorise any spells.
You didn't know any spells.
Your spell library was empty.

Dungeon Overview and Level Annotations

Branches:
Dungeon (1/15)

Altars:


Innate Abilities, Weirdness & Mutations

You cannot be hasted, slowed, berserked, paralysed or teleported.
You can dig through walls and to a lower floor.
Your four strong arms can wield two-handed weapons with a shield.
You have a pair of large antennae on your head. (SInv)


Message History

Okay, then.
The kobold closely misses you.
You aren't carrying any potions.
As you read the scroll labeled WYSSUEBLIUS, it crumbles to dust.
The scroll dissolves into smoke.
It was a scroll of fog.
The hobgoblin closely misses you.
As you read the scroll labeled NUYLUM QAIQU, it crumbles to dust.
You feel aware of your surroundings.
It was a scroll of magic mapping.
The hobgoblin hits you but does no damage.
Okay, then.
You hit the hobgoblin.
The hobgoblin is severely wounded.
The hobgoblin hits you.
* * * LOW HITPOINT WARNING * * *
You slash the hobgoblin!
You kill the hobgoblin!
Lugonu accepts your kill.
You closely miss the kobold. The kobold hits you but does no damage.
The kobold hits you with a +0 short sword.
You die...

****** ********
*,,,,***************,,,,**,
****,,,,,,,,**,,,,*,,,,,,,,,**
****,,,,#####,,,***,,,,,*****,,,,
*,,,,####...####,,,,,****,,,****,
*,,###........§###+***,,,,,,,,,**
*,,#......<...§K@+,+,,,,,,⌠,,,,,,
**,###........§###+***,,,,,,,,,**
*,,,,####..?####,,,,,****,,,****,
*,,,,,,,#####,,,,,,*,,,,*****,,,,
*,,,,,,,,,,,,,,,,,*,,**,,,,,,,,*,
*,**,,***,,,,*,,,,,,,,**,,,,,*,,,
******* ********,,***,***,,***,,,
**,* ******,* ****
*********,*****,**,* *,


You could see a kobold.

Vanquished Creatures
  A hobgoblin (D:1)
1 creature vanquished.

Notes
Turn   | Place    | Note
-------+----------+-------------------------------------------
     0 | Abyss:1  | Kairos the Formicid Abyssal Knight began the quest for the
                  | Orb.
     0 | Abyss:1  | Reached XP level 1. HP: 18/18 MP: 2/2
     0 | Abyss:1  | Found a corrupted altar of Lugonu.
    45 | Abyss:1  | Found a corrupted altar of Lugonu.
   117 | Abyss:1  | Noticed a ynoxinul
   124 | Abyss:1  | Noticed a rakshasa
   134 | Abyss:1  | Noticed a smoke demon
   198 | Abyss:2  | Noticed a bone dragon
   202 | Abyss:2  | Noticed a wretched star
   221 | Abyss:3  | Noticed a starcursed mass
   257 | Abyss:4  | Noticed a large abomination
   262 | Abyss:4  | Noticed a death drake
   274 | Abyss:4  | Noticed a large abomination
   319 | Abyss:4  | Noticed a ynoxinul
   331 | Abyss:4  | Noticed an apocalypse crab
   331 | Abyss:4  | Noticed a small abomination
   332 | D:1      | Escaped the Abyss
   348 | D:1      | Slain by a kobold

Action                   || total
-------------------------++-------
Melee: Lajatang          ||     8
Invok: Depart the Abyss  ||     1
  Use: Scroll            ||     2
Armor: Leather armour    ||     8
Dodge: Dodged            ||    15
